Map: Ruins of Endion

Players

llllllllllll - Winner!

  • Race: Protoss Protoss
  • League: Grandmaster

Miszu

  • Race: Terran Terran
  • League: Grandmaster

VOD

Have the link to the VOD?

Description

Time

  • Played on: May 20, 2016, 3:26 p.m.
  • Length: 6:02
Show
View Real Time Build Order
Export as new Build Order

llllllllllll Protoss - Winner!

Build Orders: 1 Gate Expand, Blink Stalkers 

Get SALT Encoding   

  12  0:01  Probe (Chrono Boost)  
  13  0:11  Probe (Chrono Boost)  
  14  0:18  Pylon  
  14  0:22  Probe (Chrono Boost)  
  15  0:36  Gateway, Probe (Chrono Boost)  
  16  0:47  Probe (Chrono Boost)  
  16  0:48  Assimilator  
  17  0:57  Probe (Chrono Boost)  
  18  1:08  Probe (Chrono Boost)  
  19  1:20  Nexus  
  19  1:31  Cybernetics Core  
  19  1:33  Probe (Chrono Boost)  
  20  1:41  Assimilator  
  20  1:43  Probe (Chrono Boost)  
  21  1:50  Pylon  
  22  1:54  Probe (Chrono Boost)  
  24  2:09  Mothership Core (Chrono Boost)  
  24  2:10  Adept  
  26  2:19  Warp Gate  
  26  2:27  Probe (Chrono Boost)  
  27  2:32  Probe (Chrono Boost)  
  28  2:37  Probe (Chrono Boost)  
  28  2:39  Twilight Council  
  28  2:43  Probe (Chrono Boost)  
  30  2:47  Stalker  
  30  2:48  Probe (Chrono Boost)  
  33  2:53  Probe (Chrono Boost)  
  34  2:58  Probe (Chrono Boost)  
  34  3:04  Probe (Chrono Boost)  
  36  3:09  Probe (Chrono Boost)  
  37  3:14  Probe (Chrono Boost)  
  37  3:16  Blink (Chrono Boost)  
  37  3:19  Probe (Chrono Boost)  
  39  3:23  Probe (Chrono Boost)  
  40  3:28  Gateway  
  40  3:29  Gateway  
  40  3:31  Probe  
  41  3:35  Probe  
  41  3:40  Robotics Facility  
  42  3:43  Probe  
  42  3:46  Probe  
  45  3:55  Probe  
  45  3:58  Probe  
  46  4:04  Pylon  
  46  4:07  Probe, Assimilator  
  45  4:11  Probe  
  46  4:17  Nexus  
  46  4:19  Pylon  
  46  4:22  Probe  
  46  4:23  Pylon  
  47  4:27  Observer, Stalker  
  47  4:30  Stalker, Probe  
  52  4:38  Stalker  
  55  4:41  Probe x2  
  57  4:46  Pylon  
  57  4:51  Probe  
  57  4:53  Observer  
  57  4:54  Probe  
  57  4:55  Stalker  
  57  4:56  Stalker  
  64  5:02  Probe  
  64  5:03  Stalker  
  67  5:07  Probe  
  67  5:08  Pylon  
  67  5:12  Probe  
  68  5:19  Probe  
  68  5:20  Stalker  
  73  5:25  Stalker, Probe  
  75  5:31  Stalker  
  75  5:32  Probe  
  80  5:39  Probe x2  
  82  5:45  Gateway  
  82  5:46  Gateway  
  82  5:48  Gateway  
Show
View Real Time Build Order
Export as new Build Order

Miszu Terran 

Build Orders: Reaper Expand 

Get SALT Encoding   

  12  0:06  SCV  
  13  0:15  Supply Depot  
  13  0:19  SCV  
  14  0:31  SCV  
  15  0:37  Barracks  
  15  0:42  Refinery  
  15  0:46  SCV  
  16  0:58  SCV  
  17  1:10  SCV  
  18  1:24  Orbital Command  
  18  1:25  Reaper  
  19  1:42  Command Center  
  19  1:50  SCV  
  20  1:57  Barracks Reactor  
  20  1:59  Supply Depot  
  20  2:03  SCV  
  20  2:07  Engineering Bay  
  21  2:16  SCV  
  21  2:21  Barracks  
  22  2:31  SCV  
  22  2:33  Marine  
  22  2:34  Marine  
  22  2:35  Terran Infantry Weapons Level 1  
  25  2:43  SCV  
  26  2:51  Marine x2  
  26  2:55  Refinery, SCV  
  26  2:58  Orbital Command  
  29  3:07  SCV  
  29  3:09  Marine x2, Barracks Tech Lab  
  32  3:20  SCV  
  32  3:24  Supply Depot, SCV  
  33  3:27  Marine, Stimpack  
  33  3:32  SCV  
  33  3:33  Marine  
  36  3:36  SCV  
  36  3:39  Marine  
  38  3:44  Factory, SCV  
  39  3:48  SCV  
  39  3:50  Marine  
  41  4:00  Marine  
  42  4:05  SCV  
  42  4:06  SCV  
  42  4:07  Marauder  
  45  4:10  Refinery  
  45  4:14  Barracks  
  45  4:15  Supply Depot  
  45  4:18  SCV x2  
  47  4:29  Starport, Factory Reactor  
  47  4:30  SCV x2  
  50  4:32  Marauder  
  51  4:42  SCV  
  51  4:44  SCV  
  53  4:50  Supply Depot, Missile Turret  
  53  4:51  Marine  
  54  4:53  Marine  
  54  4:54  Marauder  
  54  4:56  SCV  
  58  5:00  SCV  
  58  5:02  Marine  
  60  5:08  SCV  
  60  5:09  Marine  
  60  5:12  SCV, Factory Reactor  
  60  5:13  Medivac x2  
  67  5:20  SCV  
  68  5:22  Supply Depot  
  68  5:23  Barracks Tech Lab  
  68  5:25  SCV  
  69  5:35  SCV  
  70  5:36  Command Center  
  70  5:39  Refinery  
  70  5:44  SCV  
  70  5:47  Supply Depot, SCV  
  78  6:00  Supply Depot  
Tags
 
Add a new tag
Caveats
  • Supply blocks, unpowered buildings, or Contaminate may cause inaccurate times.
  • Supply counts are checked every 10 seconds.